 Dungeon Crawl Stone Soup version 0.29.1-13-g9f3cf754e1 (webtiles) character file.

Game seed: 14464181813755722031

25256 cheesebisquit the Severer (level 12, -1/112 HPs)
             Began as a Minotaur Fighter on Jan 29, 2023.
             Was an Elder of Qazlal.
             Killed from afar by a fire giant (13 damage)
             ... with a bolt of fire
             ... on level 12 of the Dungeon.
             The game lasted 00:44:30 (13101 turns).

cheesebisquit the Severer (Minotaur Fighter)       Turns: 13101, Time: 00:44:31

Health: -1/112     AC: 19    Str: 26    XL:     12   Next: 87%
Magic:  5/13       EV:  7    Int: 14    God:    Qazlal [****..]
Gold:   501        SH: 25    Dex:  8    Spells: 11/11 levels left

rFire   + . .      SeeInvis +   D - +5 broad axe (venom)
rCold   + . .      Faith    .   a - +0 tower shield "Cumeilij" {Harm rElec Int+5 SInv Stlth-}
rNeg    + + .      Spirit   .   F - +4 scale mail "Cata" {Fly rN+ Int+4 Dex-2}
rPois   .          Reflect  +   (helmet restricted)
rElec   +          Harm     +   i - scarf {rC+ rF+}
rCorr   .          Rampage  .   g - +1 pair of gloves {infuse}
Will    .....                   M - +2 pair of boots
Stlth   ..........              Q - amulet of reflection
HPRegen 0.28/turn               O - ring of positive energy
MPRegen 0.13/turn               v - ring of see invisible

@: about to teleport, flying, repel missiles
A: horns 2, retaliatory headbutt
a: Renounce Religion, Upheaval, Elemental Force


You were on level 12 of the Dungeon.
You worshipped Qazlal.
Qazlal was greatly pleased with you.
You visited 2 branches of the dungeon, and saw 13 of its levels.

You collected 1024 gold pieces.
You spent 523 gold pieces at shops.

Inventory:

Hand Weapons
 n - a +0 battleaxe of freezing
 D - a +5 broad axe of venom (weapon)
Missiles
 t - 16 boomerangs (quivered)
 C - 37 poisoned darts
 R - 3 boomerangs of dispersal
Armour
 a - the +0 tower shield "Cumeilij" (worn) {Harm rElec Int+5 SInv Stlth-}
   (You acquired it on level 5 of the Dungeon)

   Int:       It affects your intelligence (+5).
   rElec:     It insulates you from electricity.
   SInv:      It lets you see invisible.
   Harm:      It increases damage dealt and taken.
   Stlth:     It makes you less stealthy.
 b - a +0 plate armour
 g - a +1 pair of gloves of infusion (worn)
 i - a scarf of resistance (worn)
 u - a +0 cloak
 F - the +4 scale mail "Cata" (worn) {Fly rN+ Int+4 Dex-2}
   (You found it on level 5 of the Dungeon)

   Int:       It affects your intelligence (+4).
   Dex:       It affects your dexterity (-2).
   rN:        It protects you from negative energy.
   Fly:       It grants you flight.
 M - a +2 pair of boots (worn)
 P - +0 acid dragon scales
Jewellery
 v - a ring of see invisible (right hand)
 B - a +6 ring of intelligence
 N - an amulet of regeneration
 O - a ring of positive energy (left hand)
 Q - an amulet of reflection (around neck)
 U - a +4 ring of evasion
Wands
 m - a wand of charming (22)
 x - a wand of mindburst (10)
 y - a wand of iceblast (8)
 E - a wand of acid (7)
 L - a wand of flame (22)
 S - a wand of polymorph (8)
Scrolls
 c - a scroll of amnesia
 f - 5 scrolls of fear
 j - a scroll of poison
 q - a scroll of blinking
 r - a scroll of torment
 w - 3 scrolls of magic mapping
 z - a scroll of vulnerability {unknown}
 A - 3 scrolls of butterflies
 G - a scroll of brand weapon {unknown}
 H - 2 scrolls of teleportation
 K - a scroll of immolation {unknown}
Potions
 h - 3 potions of brilliance
 k - a potion of flight
 l - 2 potions of attraction
 o - a potion of lignification
 p - 4 potions of curing
 s - a potion of berserk rage
 I - 2 potions of haste
 J - 4 potions of magic
 T - a potion of invisibility {unknown}


   Skills:
 + Level 12.2 Fighting
 * Level 16.3 Axes
 + Level 12.2 Armour
 + Level 12.2 Shields
 + Level 2.9 Invocations


You had 11 spell levels left.
You didn't know any spells.
Your spell library contained the following spells:

 Spells                   Type           Power      Damage    Failure   Level
 Static Discharge         Conj/Air       0%         3-3/arc   99%         2
 Stone Arrow              Conj/Erth      0%         3d7       100%        3
 Animate Armour           Summ/Erth      0%         N/A       100%        4
 Leda's Liquefaction      Hex/Erth       0%         N/A       100%        4
 Lee's Rapid Deconstruct  Erth           0%         3d5*      100%        5
 Lightning Bolt           Conj/Air       0%         1d11      100%        5
 Summon Forest            Summ/Tloc      0%         N/A       100%        5
 Eringya's Noxious Bog    Tmut/Pois      0%         N/A       100%        6
 Statue Form              Tmut/Erth      0%         N/A       100%        6
 Summon Hydra             Summ           0%         N/A       100%        7
 Lehudib's Crystal Spear  Conj/Erth      0%         10d2      100%        8
 Maxwell's Capacitive Co  Air            0%         ∞         100%        8


Dungeon Overview and Level Annotations

Branches:
Dungeon (12/15)            Temple (1/1) D:6            Lair (0/5) D:9
    Orc (0/2) D:12

Altars:
Ashenzari
Cheibriados
Dithmenos
Elyvilon
Fedhas
Gozag
Hepliaklqana
Kikubaaqudgha
Makhleb
Nemelex Xobeh
Okawaru
Qazlal
Ru
Sif Muna
Trog
Uskayaw
Vehumet
Wu Jian
Xom
Yredelemnul
Zin
The Shining One

Shops:
D:8 =   D:9 *

Annotations:
D:7 2 transporters


Innate Abilities, Weirdness & Mutations

You have a pair of horns on your head.
You reflexively headbutt those who attack you in melee.


Message History

The bolt of fire hits you! You resist.
You feel much better. You block the fire giant's attack.
You block the troll's attack. x2; The troll claws you but does no damage.
You barely miss the fire giant.
The fire giant is severely wounded.
You slash the troll!
You kill the troll!
Qazlal accepts your kill.
The troll leather armour is intact enough to wear.
You hear a howl!
The rime drake breathes ice at you.
The flash freeze reflects off an invisible shield around you!
The flash freeze hits the rime drake!
The rime drake partially resists.
The rime drake is flash-frozen.
The centaur warrior shoots an arrow.
The arrow hits you! You block the fire giant's attack.
The boulder beetle curls into a ball and begins rolling!
The deep elf pyromancer mumbles some strange words.
You barely miss the fire giant.
The fire giant is severely wounded.
The centaur warrior shoots an arrow.
The arrow hits you!!
The fire giant gestures at you while chanting.
The fireball explodes!
The fireball engulfs you! You resist.
* * * LOW HITPOINT WARNING * * *
The fireball engulfs the fire giant!
The fire giant resists.
The centaur warrior shoots an arrow.
You reflect the arrow off an invisible shield around you!
The arrow hits the centaur warrior!!
You hear a horrible gurgling sound!
You hear a howl!
Blink to where?
Press: ? - help, Dir - move target
As you read the scroll of blinking, it crumbles to dust.
As you read the scroll of teleportation, it crumbles to dust.
You feel strangely unstable.
The fire giant points at you and mumbles some strange words.
The fireball explodes!
The fireball engulfs you!! You resist.
* * * LOW HITPOINT WARNING * * *
You feel better.
The fire giant gestures at you while chanting.
The bolt of fire hits you! You resist.
You die...

..#############
>......(†>....#
...##########.###
##'##########...#
......)...)####.#
......#....####.##
......#.....[##..#
..⌠..##......###.#
.....####......#@#
#...## #......#.#
#...# ###....#.#
##### #)...#.#
######.# ###. #C#
#.... #.#
.....k#c#
.°BE.c[§#


You could see a fire giant (extremely poisoned) and a centaur warrior.

Vanquished Creatures
  A frost giant (D:10)
  An ettin (D:12)
  Josephine (D:11)
  2 boulder beetles
  A hydra (D:11)
  3 two-headed ogres
  2 centaur warriors
  A death yak (D:9)
  Amaemon (D:9)
  2 ugly things (D:12)
  A deep elf pyromancer (D:12)
  3 cyclopes
  2 manticores (D:11)
  Joseph (D:8)
  A gargoyle (D:11)
  An orange demon (D:9)
  A komodo dragon (D:10)
  2 kobold demonologists (D:12)
  5 trolls
  3 polar bears (D:9)
  A hornet (D:6)
  3 slime creatures (D:12)
  2 shadows
  5 wraiths
  10 yaks
  4 vampire mosquitoes
  Menkaure (D:6)
  3 acid dragons
  2 ice beasts
  A sky beast (D:7)
  6 orc warriors
  2 black bears (D:5)
  6 centaurs
  7 wolves (D:9)
  3 ogres
  5 phantoms
  6 bullfrogs
  4 kobold brigands
  Blork the orc (D:5)
  4 necrophages
  2 gnoll sergeants
  4 scorpions
  5 wights (D:9)
  6 electric eels (D:9)
  3 howler monkeys
  4 hounds
  2 gnoll boudas
  11 orc priests
  Crazy Yiuf (D:7)
  3 jellies
  7 iguanas
  Jessica (D:3)
  Natasha (thrice) (D:2)
  14 orc wizards
  A centaur simulacrum (D:9)
  9 adders
  17 gnolls
  A shadow imp (D:7)
  A white imp (D:9)
  5 ufetubi
  2 worms (D:3)
  3 dart slugs
  47 orcs
  6 bats
  2 endoplasms (D:3)
  2 giant cockroaches (D:2)
  33 goblins
  27 hobgoblins
  24 kobolds
  A quokka (D:3)
  2 ball pythons
  4 frilled lizards
  5 rats
369 creatures vanquished.

Notes
Turn   | Place    | Note
-------+----------+-------------------------------------------
     0 | D:1      | cheesebisquit the Minotaur Fighter began the quest for the
                  | Orb.
     0 | D:1      | Reached XP level 1. HP: 19/19 MP: 0/0
   163 | D:1      | Reached XP level 2. HP: 21/26 MP: 1/1
   836 | D:1      | Reached skill level 3 in Axes
   961 | D:2      | Noticed Natasha
   969 | D:2      | Killed Natasha
   970 | D:2      | Reached XP level 3. HP: 17/33 MP: 2/2
  1145 | D:2      | Identified the +1 robe of Civutot {Str+4 Dex+3}
  1374 | D:2      | Noticed Natasha
  1381 | D:2      | Killed Natasha
  1382 | D:2      | Reached XP level 4. HP: 24/40 MP: 3/3
  1545 | D:2      | Noticed Natasha
  1557 | D:2      | Killed Natasha
  1558 | D:2      | Reached skill level 4 in Axes
  1839 | D:3      | Reached XP level 5. HP: 47/47 MP: 4/4
  2327 | D:3      | Reached skill level 5 in Axes
  2401 | D:3      | Found a faded altar of an unknown god.
  2521 | D:3      | Noticed Jessica
  2523 | D:3      | Killed Jessica
  2524 | D:3      | Reached XP level 6. HP: 55/55 MP: 5/5
  2571 | D:3      | Reached skill level 5 in Armour
  2632 | D:3      | Reached skill level 5 in Fighting
  2877 | D:4      | Reached skill level 5 in Shields
  2913 | D:4      | Found a shimmering altar of Xom.
  2916 | D:4      | Noticed an angel
  2926 | D:4      | Found a glowing silver altar of Zin.
  2997 | D:4      | Found an iron altar of Okawaru.
  3595 | D:5      | Entered Level 5 of the Dungeon
  3625 | D:5      | Reached skill level 6 in Axes
  3625 | D:5      | Reached XP level 7. HP: 58/61 MP: 6/6
  3630 | D:5      | Identified 3 scrolls of acquirement
  3630 | D:5      | Acquired a +0 pair of gloves of infusion
  3652 | D:5      | Acquired a +0 broad axe of venom
  3656 | D:5      | Acquired the +0 tower shield "Cumeilij" {Harm rElec Int+5
                  | SInv Stlth-}
  3741 | D:5      | Noticed Blork the orc
  3745 | D:5      | Killed Blork the orc
  3836 | D:5      | Reached skill level 7 in Axes
  4126 | D:5      | Identified the +4 scale mail "Cata" {Fly rN+ Int+4 Dex-2}
  4246 | D:5      | Reached XP level 8. HP: 10/70 MP: 4/7
  4403 | D:5      | Reached skill level 8 in Axes
  5498 | D:6      | Noticed a hornet
  5508 | D:6      | Killed a hornet
  5509 | D:6      | Reached skill level 9 in Axes
  5517 | D:6      | Reached XP level 9. HP: 56/79 MP: 2/8
  5966 | D:6      | Identified the +9 dagger of the Moon {flame, rPois}
  5998 | D:6      | Found a hazy altar of Hepliaklqana.
  5998 | D:6      | Noticed Menkaure
  5999 | D:6      | Found an opulent altar of Gozag.
  5999 | D:6      | Found a bloodstained altar of Trog.
  6009 | D:6      | Killed Menkaure
  6168 | D:6      | Reached skill level 10 in Axes
  6178 | D:6      | Found a staircase to the Ecumenical Temple.
  6187 | Temple   | Entered the Ecumenical Temple
  6504 | Temple   | Became a worshipper of Qazlal Stormbringer
  6683 | D:6      | Found a white marble altar of Elyvilon.
  6683 | D:6      | Found a broken altar of Ashenzari.
  6684 | D:6      | Found a radiant altar of Vehumet.
  6685 | D:6      | Found a glowing golden altar of the Shining One.
  6686 | D:6      | Found a sparkling altar of Nemelex Xobeh.
  7130 | D:7      | Identified the +6 bardiche of Xaol {vorpal, rElec rC+++
                  | Int+4 SInv}
  7305 | D:7      | Found a transporter.
  7309 | D:7      | Found a transporter.
  7571 | D:7      | Found a hide-covered altar of Uskayaw.
  7844 | D:7      | Reached skill level 11 in Axes
  7922 | D:7      | Found a runed translucent door.
  7923 | D:7      | Noticed Crazy Yiuf
  7928 | D:7      | Killed Crazy Yiuf
  8291 | D:8      | Noticed a boulder beetle
  8298 | D:8      | Reached XP level 10. HP: 76/90 MP: 5/9
  8302 | D:8      | Killed a boulder beetle
  8427 | D:8      | Found Panup's Jewellery Emporium.
  8436 | D:8      | Bought an amulet of regeneration for 300 gold pieces
  8524 | D:8      | Noticed Joseph
  8532 | D:8      | Killed Joseph
  8588 | D:8      | Reached * piety under Qazlal
  9132 | D:9      | Reached skill level 12 in Axes
  9371 | D:9      | Noticed a death yak
  9384 | D:9      | Killed a death yak
  9409 | D:9      | Reached ** piety under Qazlal
  9412 | D:9      | Noticed a two-headed ogre
  9421 | D:9      | Killed a two-headed ogre
  9422 | D:9      | Reached skill level 13 in Axes
  9422 | D:9      | Reached XP level 11. HP: 67/99 MP: 0/10
  9660 | D:9      | Reached skill level 10 in Armour
  9766 | D:9      | Found Tiho's General Store.
  9780 | D:9      | Bought a scroll of teleportation for 36 gold pieces
  9780 | D:9      | Bought a scroll of identify for 24 gold pieces
  9780 | D:9      | Bought a scroll of enchant weapon for 90 gold pieces
  9780 | D:9      | Bought 4 poisoned darts for 19 gold pieces
  9780 | D:9      | Bought 3 boomerangs of dispersal for 54 gold pieces
  9835 | D:9      | Reached skill level 10 in Shields
  9838 | D:9      | Reached skill level 10 in Fighting
  9842 | D:9      | Found a staircase to the Lair.
 10039 | D:9      | Noticed Amaemon
 10047 | D:9      | Killed Amaemon
 10683 | D:10     | Entered Level 10 of the Dungeon
 10763 | D:10     | Noticed a two-headed ogre
 10766 | D:10     | Noticed a two-headed ogre
 10768 | D:10     | Killed a two-headed ogre
 10769 | D:10     | Reached skill level 14 in Axes
 10775 | D:10     | Killed a two-headed ogre
 10812 | D:10     | You are sucked into a shaft and drop 2 floors!
 10813 | D:12     | Noticed a deep elf pyromancer
 10857 | D:11     | Noticed Josephine
 10871 | D:11     | Killed Josephine
 11008 | D:10     | Reached *** piety under Qazlal
 11356 | D:10     | Acquired a scarf of resistance
 11457 | D:10     | Noticed a frost giant
 11465 | D:10     | Killed a frost giant
 11466 | D:10     | Reached skill level 15 in Axes
 11466 | D:10     | Reached XP level 12. HP: 86/110 MP: 5/11
 11606 | D:11     | Noticed a seven-headed hydra
 11666 | D:11     | Killed a ten-headed hydra
 12003 | D:11     | Noticed a centaur warrior
 12004 | D:11     | Killed a centaur warrior
 12302 | D:12     | Noticed a boulder beetle
 12499 | D:12     | Found a staircase to the Orcish Mines.
 12507 | D:12     | Reached skill level 1 in Invocations
 12580 | D:12     | Killed a boulder beetle
 12581 | D:12     | Reached skill level 16 in Axes
 12819 | D:12     | Noticed a centaur warrior
 12819 | D:12     | Noticed an ettin
 12827 | D:12     | Killed a centaur warrior
 12830 | D:12     | Killed an ettin
 12926 | D:12     | Reached **** piety under Qazlal
 13089 | D:12     | Noticed a centaur warrior
 13089 | D:12     | Noticed a fire giant
 13094 | D:12     | Noticed a boulder beetle
 13100 | D:12     | HP: 2/112 [fire giant/fireball (27)]
 13101 | D:12     | Killed from afar by a fire giant

Illustrated notes

Levels and vault maps discovered:
D:1:      dpeg_arrival_leaves_temple_mockup, layout_basic
D:2:      layout_rooms, uniq_natasha
D:3:      layout_rooms, shapermc_ecumenical_altar_mp_vishouse, uniq_jessica
D:4:      layout_cave_pools, grunt_temple_overflow_order_and_chaos_1,
          mainiacjoe_overflow_six_doors_small, serial_column_ruins,
          column_ruins_hut, column_ruins_grid_5, column_ruins_open_tiny,
          column_ruins_open_tiny, column_ruins_grid_4
D:5:      minmay_goblin_kobold_castle, layout_rooms, hangedman_glass_teeth,
          minmay_increasing_density, uniq_blork_the_orc
D:6:      layout_basic, grunt_temple_overflow_open, minmay_temple_entry_arrows,
          minmay_between, uniq_menkaure
D:7:      gammafunk_steamed_eel, layout_loops_ring, general_overflow_altar,
          minmay_starry_boxes, uniq_crazy_yiuf_cottage
D:8:      minmay_goldmine, layout_rooms, serial_shops, shop_fountains,
          minmay_chambers_of_fives, uniq_joseph
D:9:      cheibrodos_helix_gallery, layout_loops_corners, erik_lair_island,
          serial_shops, shop, serial_ice, serial_ice_j, serial_ice_f,
          serial_ice_h, serial_ice_e, eino_small_chamber_without_monster,
          chequers_decorated_corner, minmay_misc_feat_hallway, uniq_amaemon
D:10:     layout_rooms, kennysheep_just_a_vault
D:11:     layout_rooms, minmay_radiant, uniq_josephine
D:12:     layout_small_grid, nicolae_rejected_hall
Temple:   dpeg_chambers_temple

Skill      XL: |  1  2  3  4  5  6  7  8  9 10 11 12 |
---------------+-------------------------------------+-----
Axes           | 3 4 5 6 7 9 11 13 15 16 | 16.3
Fighting       | 4 5 6 7 8 9 11 12 | 12.2
Armour         | 4 5 6 7 8 9 11 12 | 12.2
Shields        | 4 5 6 7 8 9 11 12 | 12.2
Invocations    | 2 |  2.9

Action                   |  1- 3 |  4- 6 |  7- 9 | 10-12 || total
-------------------------+-------+-------+-------+-------++-------
Melee: War axe           |    59 |   140 |    11 |       ||   210
       Headbutt          |     6 |    20 |    37 |    64 ||   127
       Broad axe         |       |       |   258 |   348 ||   606
Throw: Dart              |       |       |     4 |       ||     4
       Boomerang         |       |       |     1 |     6 ||     7
Invok: Elemental Force   |       |       |       |     1 ||     1
  Use: Scroll            |       |       |    19 |    13 ||    32
       Potion            |       |       |     4 |     7 ||    11
 Stab: Paralysed         |       |       |       |     1 ||     1
Armor: Scale mail        |    31 |    10 |    64 |   173 ||   278
       Chain mail        |       |    58 |    13 |       ||    71
       Plate armour      |       |       |    70 |       ||    70
Dodge: Dodged            |    32 |    53 |    56 |    78 ||   219
Block: Buckler           |     8 |    29 |     3 |       ||    40
       Tower shield      |       |       |   226 |   326 ||   552
       Reflection        |       |       |       |    10 ||    10
